Construct Section Command Post
Selects Air and Sea Battlegroup
Selects Commando Section Paradrop
Commando Section Paradrop
Construct Platoon Command Post
6-pounder Anti-tank Gun Team
Construct Company Command Post
Unlock Bishop Self-propelled Artillery
Construct Field Infirmary
Selects Commando Support Section Paradrop
Selects Naval Bombardment
Commando Support Section Paradrop
Commando Section Paradrop
Unlock Towed 17-pounder Anti-tank Guns